 Dungeon Crawl Stone Soup version 0.25.1-2-g60ff931df9 (webtiles) character file.

Game seed: 2030345207170147717

201944 Chimkentus the Spear-Bearer (level 19, -1/135 HPs)
             Began as an Octopode Assassin on Aug 31, 2020.
             Was the Champion of Wu Jian.
             Slain by a +6 vorpal long sword (5 damage)
             ... on level 2 of the Elven Halls on Sept 3, 2020.
             The game lasted 11:25:03 (45052 turns).

Chimkentus the Spear-Bearer (Octopode Assassin)    Turns: 45052, Time: 11:25:03

Health: -1/135     AC:  3    Str: 16    XL:     19   Next: 1%
Magic:  15/29      EV: 33    Int: 31    God:    Wu Jian [******]
Gold:   3363       SH: 11    Dex: 21    Spells: 3/25 levels left

rFire    + . .     SeeInvis +   l - +4 falchion of the Vendetta {vorpal, Int+7 SInv Stlth-}
rCold    + . .     Gourm    .   A - +3 buckler {rC+ rF+}
rNeg     + + +     Faith    .   f - +2 hat
rPois    +         Spirit   .   W - amulet of the acrobat
rElec    +         Reflect  .   e - +4 ring of evasion
rCorr    +         Harm     .   G - ring of protection from fire
MR       ++...                  N - ring "Tolum" {rElec rCorr Int+4}
Stlth    ++........             M - +6 ring of intelligence
HPRegen  0.32/turn              U - +4 ring of evasion
MPRegen  0.21/turn              j - ring of the Prince {rPois rF- rN+++ Slay+4}
                                a - ring of protection from magic
                                y - +6 ring of strength

@: heavenly storm, glowing, studying Evocations
A: almost no armour, stealthy swim, amphibious, 8 rings, constrict 8, camouflage
1, gelatinous body 1
a: Wall Jump, Serpent's Lash, Heavenly Storm, Renounce Religion


You were on level 2 of the Elven Halls.
You worshipped Wu Jian.
Wu Jian was exalted by your worship.
You were hungry.

You visited 5 branches of the dungeon, and saw 27 of its levels.
You also visited: Ossuary, Gauntlet, Ice Cave and Desolation.

You collected 3868 gold pieces.
You spent 505 gold pieces at shops.

Inventory:

Hand Weapons
 l - the +4 falchion of the Vendetta (weapon) {vorpal, Int+7 SInv Stlth-}
   (You bought it in a shop on level 2 of the Orcish Mines)

   It inflicts extra damage upon your enemies.
   It affects your intelligence (+7).
   It lets you see invisible.
   It makes you less stealthy.
 q - the +8 mace of the Elven Halls {vorpal, rC++}
   (You found it in an ice cave)

   It inflicts extra damage upon your enemies.
   It greatly protects you from cold.
 O - a +4 dagger of freezing
Missiles
 h - 9 atropa-tipped darts (quivered)
 n - 3 throwing nets
 H - 6 boomerangs of dispersal
 Y - 12 silver javelins
 Z - 4 curare-tipped darts
Armour
 f - a +2 hat (worn)
 A - a +3 buckler of resistance (worn)
 I - a +3 buckler of protection
Jewellery
 a - a ring of protection from magic (on tentacle)
 e - a +4 ring of evasion (left tentacle)
 j - the ring of the Prince (on tentacle) {rPois rF- rN+++ Slay+4}
   (You found it in the Desolation of Salt)

   [ring of slaying]

   It affects your accuracy and damage with ranged weapons and melee attacks
   (+4).
   It makes you vulnerable to fire.
   It protects you from poison.
   It renders you almost immune to negative energy.
 y - a +6 ring of strength (on tentacle)
 G - a ring of protection from fire (right tentacle)
 M - a +6 ring of intelligence (on tentacle)
 N - the ring "Tolum" (on tentacle) {rElec rCorr Int+4}
   (You took it off a servant of whispers in the Desolation of Salt)

   [ring of resist corrosion]

   It affects your intelligence (+4).
   It insulates you from electricity.
   It provides partial protection from all sources of acid and corrosion.
 U - a +4 ring of evasion (on tentacle)
 W - an amulet of the acrobat (around mantle)
Wands
 k - a wand of digging (9)
 w - a wand of polymorph (12)
 F - a wand of paralysis (13)
 L - a wand of flame (16)
Scrolls
 b - 3 scrolls of fear
 c - 6 scrolls of identify
 m - a scroll of blinking
 u - 4 scrolls of fog
 K - 13 scrolls of remove curse
 T - 6 scrolls of teleportation
Potions
 i - a potion of stabbing
 t - 3 potions of brilliance
 x - 13 potions of curing
 D - 2 potions of cancellation
 E - a potion of heal wounds
 J - a potion of berserk rage
 Q - a potion of haste
Books
 r - a manual of Evocations
Miscellaneous
 g - a lightning rod (3/4)
 o - 2 boxes of beasts
 v - a phial of floods
 R - 3 phantom mirrors
Comestibles
 d - 62 rations


   Skills:
 * Level 13.5 Fighting
 + Level 3.7(5.8) Short Blades
 + Level 6.9(7.4) Long Blades
   Level 14.5 Polearms
 + Level 12.7 Throwing
 * Level 13.2 Dodging
 + Level 9.8 Stealth
 * Level 12.4 Shields
 + Level 3.6 Spellcasting
 + Level 4.2 Conjurations
 + Level 6.2 Hexes
 + Level 0.7 Summonings
 + Level 2.5 Necromancy
 * Level 0.2 Transmutations
 + Level 1.6 Air Magic
 * Level 0.8 Earth Magic
 + Level 1.4 Poison Magic
 * Level 14.4 Evocations


You had 3 spell levels left.
You knew the following spells:

 Your Spells              Type           Power        Failure   Level  Hunger
a - Animate Skeleton      Necr           N/A          2%          1    None
b - Petrify               Tmut/Erth      #.......     45%         4    ####...
c - Confusing Touch       Hex            #####...     1%          3    ##.....
d - Dazzling Flash        Conj/Hex       #####.       2%          3    ##.....
e - Summon Guardian Gole  Hex/Summ       ####....     4%          3    ##.....
f - Ensorcelled Hibernat  Hex/Ice        ###...       2%          2    None
g - Mephitic Cloud        Conj/Pois/Air  ###.....     7%          3    ##.....
h - Tukima's Dance        Hex            #####...     1%          3    ##.....

Your spell library contained the following spells:

 Spells                   Type           Power        Failure   Level  Hunger
 Corona                   Hex            #####..      1%          1    None
 Magic Dart               Conj           ####         1%          1    None
 Shock                    Conj/Air       ###.         1%          1    None
 Pain                     Necr           ###.         2%          1    None
 Summon Small Mammal      Summ           ##..         4%          1    None
 Poisonous Vapours        Pois/Air       ###...       4%          2    None
 Portal Projectile        Hex/Tloc       ###...       5%          3    ##.....
 Call Imp                 Summ           ##......     7%          2    None
 Vampiric Draining        Necr           ###.......   7%          3    ##.....
 Conjure Flame            Conj/Fire      ###.....     8%          3    ##.....
 Call Canine Familiar     Summ           ##......     14%         3    ##.....
 Gell's Gravitas          Tloc           #.........   19%         3    ##.....
 Cause Fear               Hex            #####.....   4%          4    ####...
 Animate Dead             Necr           N/A          22%         4    ####...
 Hailstorm                Conj/Ice       ###.....     26%         4    ####...
 Sticky Flame             Conj/Fire      ###.....     26%         4    ####...
 Silence                  Hex/Air        ####......   34%         5    #####..
 Summon Lightning Spire   Summ/Air       ##......     36%         4    ####...
 Metabolic Englaciation   Hex/Ice        ###.......   43%         5    #####..
 Yara's Violent Unravell  Hex/Tmut       ####......   43%         5    #####..
 Summon Ice Beast         Ice/Summ       #.......     47%         4    ####...
 Ice Form                 Ice/Tmut       #.......     52%         4    ####...
 Agony                    Necr           ###.....     52%         5    #####..
 Irradiate                Conj/Tmut      ###.......   56%         5    #####..
 Conjure Ball Lightning   Conj/Air       ###.......   96%         6    #######
 Freezing Cloud           Conj/Ice/Air   ###.......   99%         6    #######
 Simulacrum               Ice/Necr       ##........   99%         6    #######
 Starburst                Conj/Fire      ###.......   99%         6    #######
 Dispersal                Tloc           #.........   100%        6    #######
 Hydra Form               Tmut           #.........   100%        6    #######
 Statue Form              Tmut/Erth      #........    100%        6    #######
 Dragon Form              Tmut           #.........   100%        7    #######
 Ring of Flames           Chrm/Fire      #.........   100%        7    #######
 Controlled Blink         Tloc           N/A          100%        8    #######
 Discord                  Hex            #####.....   100%        8    #######
 Disjunction              Tloc           #.........   100%        8    #######


Dungeon Overview and Level Annotations

Branches:
Dungeon (15/15)            Temple (1/1) D:6            Lair (6/6) D:10
 Shoals (0/4) Lair:4        Snake (0/4) Lair:3        Slime (0/5) Lair:5
    Orc (2/2) D:11            Elf (3/3) Orc:2        Vaults (0/5) D:14
 Depths (0/5) D:15        Ossuary (visited)           IceCv (visited)
Desolation (visited)      Gauntlet (visited)

Altars:
Ashenzari
Cheibriados
Dithmenos
Elyvilon
Fedhas
Gozag
Hepliaklqana
Kikubaaqudgha
Makhleb
Nemelex Xobeh
Okawaru
Qazlal
Ru
Sif Muna
Trog
Uskayaw
Vehumet
Wu Jian
Xom
Yredelemnul
Zin
The Shining One
Beogh
Jiyva

Shops:
Orc:2 ([(

Annotations:
D:9 2 transporters
Lair:5 1 runed translucent door
Orc:1 2 runed translucent doors, barkas's ghost, journeyman CeMo
Elf:1 3 runed translucent doors, Lodydasy's ghost, adept DsFi
Elf:2 6 runed translucent doors, Gerad's ghost, veteran VSAK
Elf:3 3 runed translucent doors


Innate Abilities, Weirdness & Mutations

You cannot wear most types of armour.
You are very stealthy in the water. (Stealth+)
You are amphibious.
You can wear up to eight rings at the same time.
You can use your tentacles to constrict eight enemies at once.
Your skin changes colour to match your surroundings (Stealth+).
Your rubbery body absorbs attacks. (AC +1, EV +1)


Message History

Sifu Cai Fang says: The storm will not cease as long as you keep fighting, disciple!
You constrict the +6 vorpal long sword.
You hear a shout!
The +3 antimagic hand axe hits you!
* * * LOW HITPOINT WARNING * * *
You feel your power leaking away. The +6 vorpal long sword hits you!
* * * LOW HITPOINT WARNING * * *
x2 The +3 antimagic hand axe hits you but does no damage.
You release your grip on the +6 vorpal long sword.
You spin and attack the +6 vorpal long sword.
You hit the +6 vorpal long sword.
The +6 vorpal long sword is severely damaged.
You spin and attack the +3 antimagic hand axe.
You hit the +3 antimagic hand axe.
The +3 antimagic hand axe is severely damaged.
You hear a shout!
The +6 vorpal long sword hits you!
* * * LOW HITPOINT WARNING * * *
You die...

..........##
.................#
......e... #.....#
.......... ##...##
#........## ##..##
#.........###....##
......☼§§§§#......#
.....☼§§§§§......##
.....§§(@§§.)...##
..##☼☼(##.....#
##§####.....#
################# ##.....#
#...#.#.......#.###......#
##...#...#.#...#.#......##
#..#.#..###.)#.##.....##
##.....#..#.)#...#.....#
##.........#......+......


You could see 2 dancing weapons.

Vanquished Creatures
  Rupert (Lair:5)
  2 deep elf blademasters
  3 deep elf master archers (Elf:3)
  Frances (Elf:1)
  Gastronok (D:9)
  2 imperial myrmidons (Desolation)
  9 deep elf sorcerers
  A frost giant (IceCv)
  An orc warlord (Orc:1)
  2 deep elf elementalists (Elf:3)
  10 deep elf annihilators
  6 deep elf demonologists
  A minotaur (Gauntlet)
  Snorg (Lair:4)
  A death ooze (Gauntlet)
  2 crystal guardians (Desolation)
  7 deep elf death magi
  2 ragged hierophants (Desolation)
  4 deep elf high priests
  Josephine (Orc:1)
  A yaktaur captain (D:15)
  7 servants of whispers (Desolation)
  9 hydras
  2 vault guards (D:14)
  4 peacekeepers (Desolation)
  Fannar (Orc:1)
  A merfolk avatar (Lair:6)
  Erica (D:11)
  3 centaur warriors
  A death knight (D:14)
  A death yak (IceCv)
  14 dancing weapons
  2 tengu warriors (D:15)
  An ogre mage (D:14)
  Urug (Lair:4)
  9 two-headed ogres
  4 orc high priests
  Sonja (Lair:5)
  9 deep elf knights
  2 unseen horrors (D:15)
  15 deep elf archers
  A glowing orange brain (Desolation)
  A deep troll (shapeshifter) (D:15)
  4 wizards (D:14)
  5 orc knights
  42 deep elf magi
  An ironbrand convoker (Desolation)
  5 orc sorcerers
  A wolf spider (D:15)
  3 manticores (Lair:6)
  5 ugly things
  4 cyclopes
  3 centaur zombies
  An ice statue (IceCv)
  17 elephants
  2 black mambas (Lair:2)
  6 gargoyles
  A molten gargoyle (Desolation)
  13 spiny frogs
  A centaur skeleton (D:15)
  A freezing wraith (D:15)
  An efreet (D:13)
  4 rime drakes
  A kobold demonologist (D:14)
  7 komodo dragons
  2 ice devils (D:11)
  4 yaktaurs
  2 queen bees
  2 jumping spiders (shapeshifter)
  A jumping spider (Desolation)
  2 wind drakes
  8 trolls
  A hornet (Lair:6)
  19 polar bears
  2 raiju (Gauntlet)
  7 blink frogs
  2 dream sheep (D:8)
  12 hippogriffs
  38 saltlings (Desolation)
  A slime creature (D:13)
  4 air elementals
  A centaur simulacrum (D:15)
  2 shadows
  A spriggan (Lair:6)
  3 wyverns (Lair:6)
  7 wraiths
  3 water elementals
  6 fire bats (Lair:4)
  19 humans
  55 yaks
  4 fire elementals
  4 basilisks
  Eustachio (D:5)
  Grum (Lair:1)
  A steam dragon (D:10)
  3 vampire mosquitoes (D:12)
  A soldier ant (D:14)
  A hungry ghost (D:10)
  A warg (Orc:2)
  4 nagas (Lair:3)
  An acid dragon (D:13)
  16 water moccasins
  Duvessa (D:4)
  10 porcupines
  48 orc warriors
  2 ice beasts
  4 sky beasts
  A necrophage (D:9)
  13 ogres
  2 phantoms
  A hornet zombie (D:15)
  24 wolves
  11 crocodiles
  19 centaurs
  6 big kobolds
  17 bullfrogs
  4 earth elementals
  5 gnoll sergeants
  2 water moccasin zombies
  4 scorpions
  Dowan (D:4)
  32 killer bees
  10 wights
  5 howler monkeys
  An electric eel (Lair:5)
  8 crimson imps
  A lava snake (D:9)
  A quasit (D:6)
  3 bullfrog zombies
  4 jellies
  33 orc wizards
  28 orc priests
  A bullfrog skeleton (D:9)
  9 hounds
  4 iguanas
  2 lightning spires (Gauntlet)
  8 worker ants
  2 big kobold zombies (Ossuary)
  3 hound skeletons
  2 mummies (Ossuary)
  26 gnolls
  10 adders
  3 shadow imps
  3 oozes
  4 adder zombies
  An adder skeleton (D:6)
  3 dart slugs
  9 leopard geckos
  126 orcs
  7 giant cockroaches
  8 goblins
  10 hobgoblins
  6 jackals
  A quokka (D:3)
  3 ball pythons
  12 bats
  4 frilled lizards
  4 gnoll zombies (Ossuary)
  4 hobgoblin zombies (Ossuary)
  A jackal skeleton (D:4)
  A jackal zombie (D:5)
  13 kobolds
  7 kobold zombies (Ossuary)
  A leopard gecko skeleton (D:4)
  10 orc zombies (Ossuary)
  A quokka skeleton (D:4)
  12 rats
  A bush (D:12)
  2 fungi
  2 plants (Lair:6)
1146 creatures vanquished.

Vanquished Creatures (collateral kills)
  A deep elf blademaster (Elf:3)
  2 deep elf demonologists (Elf:3)
  2 deep elf annihilators (Elf:3)
  A halazid warlock (Desolation)
  A servant of whispers (Desolation)
  A peacekeeper (Desolation)
  A dancing weapon (Elf:1)
  3 deep elf magi (Elf:1)
  A guardian serpent (Desolation)
  A centaur skeleton (D:13)
  6 saltlings (Desolation)
  A centaur (D:13)
  A crimson imp (D:13)
  2 hounds (D:13)
24 creatures vanquished.

Vanquished Creatures (others)
  A servant of whispers (Desolation)
  A two-headed ogre (D:13)
  An ironbrand convoker (Desolation)
  A wizard (D:15)
  A deep elf mage (Elf:3)
  2 polar bears (IceCv)
  3 yaks (IceCv)
  5 wolves (IceCv)
  A wight (D:13)
  14 fungi
  11 plants
41 creatures vanquished.

Grand Total: 1211 creatures vanquished

Notes
Turn   | Place    | Note
-------+----------+-------------------------------------------
     0 | D:1      | Chimkentus the Octopode Assassin began the quest for the
                  | Orb.
     0 | D:1      | Reached XP level 1. HP: 14/14 MP: 1/1
   155 | D:1      | Reached XP level 2. HP: 19/19 MP: 2/2
   377 | D:1      | Reached XP level 3. HP: 24/25 MP: 3/3
  1094 | D:2      | Reached XP level 4. HP: 30/30 MP: 4/4
  1978 | D:3      | Reached XP level 5. HP: 32/36 MP: 5/5
  2061 | D:3      | Reached skill level 1 in Long Blades
  2358 | D:3      | Noticed a sky beast
  2893 | D:4      | Noticed a water moccasin
  3084 | D:4      | Reached XP level 6. HP: 42/42 MP: 6/6
  3090 | D:4      | Killed a water moccasin
  3539 | D:4      | Found a sacrificial altar of Ru.
  3652 | D:4      | Noticed Duvessa
  3668 | D:4      | Noticed Dowan
  3672 | D:4      | Killed Dowan
  3672 | D:4      | Reached XP level 7. HP: 42/48 MP: 7/7
  3674 | D:4      | Killed Duvessa
  3925 | D:5      | Entered Level 5 of the Dungeon
  4111 | D:5      | Found the +8 glaive of the Guard {elec, +Rage AC+5 SInv}
  4364 | D:5      | Reached XP level 8. HP: 53/54 MP: 8/8
  4520 | D:5      | Noticed Eustachio
  4529 | D:5      | Killed Eustachio
  4529 | D:5      | Reached skill level 5 in Fighting
  4529 | D:5      | Reached skill level 1 in Polearms
  4529 | D:5      | Reached skill level 1 in Evocations
  5262 | D:6      | Reached skill level 5 in Throwing
  5342 | D:6      | Noticed a gargoyle
  5583 | D:6      | Found a staircase to the Ecumenical Temple.
  5591 | Temple   | Entered the Ecumenical Temple
  5648 | Temple   | Became a worshipper of the Wu Jian Council
  5816 | D:6      | Reached XP level 9. HP: 61/61 MP: 12/12
  6168 | D:6      | Killed a gargoyle
  6168 | D:6      | Reached skill level 5 in Dodging
  6168 | D:6      | Reached skill level 1 in Shields
  6168 | D:6      | Reached skill level 5 in Evocations
  6233 | D:7      | Reached * piety under Wu Jian
  6789 | D:8      | Reached skill level 5 in Polearms
  6800 | D:8      | Found a sand-covered staircase.
  6805 | Ossuary  | Entered an ossuary
  6922 | Ossuary  | Reached ** piety under Wu Jian
  7071 | D:8      | Reached XP level 10. HP: 68/68 MP: 13/15
  7143 | D:8      | Noticed a two-headed ogre
  7214 | D:8      | Noticed a two-headed ogre
  7221 | D:8      | Killed a two-headed ogre
  7225 | D:8      | Killed a two-headed ogre
  7308 | D:8      | Found a radiant altar of Vehumet.
  7328 | D:8      | Found a shattered altar of Ashenzari.
  7478 | D:8      | Found a glowing golden altar of the Shining One.
  8249 | D:9      | Found a basalt altar of Yredelemnul.
  8249 | D:9      | Found an ancient bone altar of Kikubaaqudgha.
  8249 | D:9      | Noticed a death knight
  8251 | D:9      | Found a transporter.
  8292 | D:9      | Reached *** piety under Wu Jian
  8435 | D:9      | Noticed Gastronok
  8448 | D:9      | Reached XP level 11. HP: 69/74 MP: 17/17
  8460 | D:9      | Killed Gastronok
  8821 | D:9      | Found an opulent altar of Gozag.
  8822 | D:9      | Found a glowing golden altar of the Shining One.
  8899 | D:10     | Entered Level 10 of the Dungeon
  8919 | D:10     | Noticed a two-headed ogre
  8930 | D:10     | Killed a two-headed ogre
  9134 | D:10     | You fall into a shaft and drop 1 floor!
  9165 | D:11     | Reached skill level 5 in Shields
  9310 | D:11     | Found a frozen archway.
  9319 | IceCv    | Entered an ice cave
  9334 | IceCv    | Reached **** piety under Wu Jian
 10349 | IceCv    | Reached skill level 10 in Evocations
 10636 | IceCv    | Got a shimmering mace
 10897 | IceCv    | Got a dazzling great sword
 10903 | IceCv    | Identified the +7 great sword of Tomorrow {holy, Int+2}
                  | (You found it in an ice cave)
 11030 | IceCv    | Reached XP level 12. HP: 79/82 MP: 19/19
 11355 | IceCv    | Noticed a death yak
 11430 | IceCv    | Killed a death yak
 11545 | IceCv    | Noticed a frost giant
 11617 | IceCv    | Killed a frost giant
 11617 | IceCv    | Reached skill level 10 in Polearms
 11653 | IceCv    | Got a translucent long sword
 11783 | D:10     | Identified the cursed +1 long sword of Armageddon {venom,
                  | rElec MR- Dex+3} (You found it in an ice cave)
 11889 | D:10     | Found a staircase to the Lair.
 12381 | D:9      | Noticed a two-headed ogre
 12387 | D:10     | Killed a two-headed ogre
 12519 | D:9      | Found a transporter.
 12576 | D:9      | Reached ***** piety under Wu Jian
 13092 | Lair:1   | Entered Level 1 of the Lair of Beasts
 13110 | Lair:1   | Got a slimy long sword
 13296 | Lair:1   | Noticed Grum
 13309 | Lair:1   | Killed Grum
 13905 | Lair:1   | Reached XP level 13. HP: 72/90 MP: 21/21
 15692 | Lair:3   | Found an iron altar of Okawaru.
 15712 | Lair:3   | Identified the +3 long sword of Generosity {freeze,
                  | *Corrode rN++ Str+4 Dex+2} (You found it on level 1 of the
                  | Lair of Beasts)
 16058 | Lair:3   | Found a staircase to the Snake Pit.
 16905 | Lair:4   | Noticed Snorg
 17191 | Lair:4   | Noticed Urug
 17204 | Lair:4   | Killed Urug
 17554 | Lair:4   | Killed Snorg
 17614 | Lair:4   | Reached XP level 14. HP: 93/98 MP: 23/23
 17734 | Lair:4   | Reached skill level 10 in Throwing
 17739 | Lair:4   | Reached ****** piety under Wu Jian
 17977 | Lair:4   | Found a staircase to the Shoals.
 18453 | Lair:5   | Found a runed translucent door.
 18453 | Lair:5   | Found a viscous altar of Jiyva.
 18453 | Lair:5   | Found a staircase to the Slime Pits.
 18453 | Lair:5   | Noticed an acid blob
 18453 | Lair:5   | Noticed an acid blob
 18583 | Lair:5   | Reached skill level 10 in Fighting
 18766 | Lair:5   | Noticed Rupert
 18917 | Lair:5   | Noticed Sonja
 18925 | Lair:5   | Killed Sonja
 19205 | Lair:5   | Killed Rupert
 19386 | Lair:6   | Entered Level 6 of the Lair of Beasts
 19869 | Lair:5   | Reached skill level 10 in Dodging
 22339 | D:8      | Reached XP level 15. HP: 105/105 MP: 25/25
 22443 | D:11     | Noticed Erica
 22452 | D:11     | Killed Erica
 22551 | D:11     | Found a staircase to the Orcish Mines.
 23173 | Orc:1    | Entered Level 1 of the Orcish Mines
 23931 | Orc:1    | Noticed Fannar
 23941 | Orc:1    | Noticed an orc warlord
 23959 | Orc:1    | Found a large runed translucent door.
 23959 | Orc:1    | Found a large runed translucent door.
 23969 | Orc:1    | Killed Fannar
 24068 | Orc:1    | Noticed barkas's ghost (journeyman CeMo)
 24139 | Orc:1    | Killed an orc warlord
 24368 | Orc:1    | Noticed Josephine
 24376 | Orc:1    | Killed Josephine
 24511 | Orc:2    | Entered Level 2 of the Orcish Mines
 25155 | Orc:2    | Found a staircase to the Elven Halls.
 25182 | Orc:2    | Found Pub Wuel's Antique Weapon Emporium.
 25562 | Orc:2    | Found Gack's Assorted Antiques.
 25648 | Orc:2    | Found Hinuxof's Antique Weapon Shop.
 25655 | Orc:2    | Found Ahees's Antique Armour Shop.
 25866 | Orc:2    | Bought an encrusted falchion for 192 gold pieces
 25876 | Orc:2    | Bought a crystal longbow for 313 gold pieces
 25967 | D:11     | Identified the +8 longbow of Evisceration {flame, rElec
                  | Str-5 Dex+7} (You bought it in a shop on level 2 of the
                  | Orcish Mines)
 26133 | D:12     | Got a heavily runed amber ring
 26134 | D:12     | Identified the ring of Tokly {*Tele Str+3} (You found it on
                  | level 12 of the Dungeon)
 26346 | D:12     | Identified the +4 falchion of the Vendetta {vorpal, Int+7
                  | SInv Stlth-} (You bought it in a shop on level 2 of the
                  | Orcish Mines)
 27156 | D:13     | Got a translucent tin ring
 27156 | D:13     | Identified the ring "Qugetu" {rN+ MP+9 Str+4} (You found it
                  | on level 13 of the Dungeon)
 27766 | D:13     | Reached skill level 10 in Shields
 28194 | D:14     | Found a gate leading to a gauntlet.
 28205 | Gauntlet | Entered a Gauntlet
 28205 | Gauntlet | Found a transporter.
 28205 | Gauntlet | Found a transporter.
 28221 | Gauntlet | Found a transporter.
 28225 | Gauntlet | Found a transporter.
 28233 | Gauntlet | Found a transporter.
 28237 | Gauntlet | Found a transporter.
 28244 | Gauntlet | Found a runed translucent door.
 28246 | Gauntlet | Found a transporter.
 28265 | Gauntlet | Found a transporter.
 28283 | Gauntlet | Found a transporter.
 28287 | Gauntlet | Found a transporter.
 28295 | Gauntlet | Found a transporter.
 28299 | Gauntlet | Found a transporter.
 28710 | Gauntlet | Got an encrusted helmet
 29488 | D:14     | Reached XP level 16. HP: 113/114 MP: 26/26
 30333 | D:14     | Found a gate to the Vaults.
 30345 | D:14     | Identified Kyvecatz's Reference Book on Transmutation and
                  | Arcane Weapons
 30401 | D:15     | Entered Level 15 of the Dungeon
 31062 | D:15     | Found a roughly hewn altar of Beogh.
 32013 | D:15     | Found a staircase to the Depths.
 32052 | D:15     | Found a bloodstained altar of Trog.
 33173 | D:11     | Learned a level 1 spell: Animate Skeleton
 33176 | D:11     | Learned a level 2 spell: Call Imp
 33180 | D:11     | Learned a level 3 spell: Confusing Touch
 33230 | Elf:1    | Entered Level 1 of the Elven Halls
 33236 | Elf:1    | Found a white marble altar of Elyvilon.
 33236 | Elf:1    | Found a glowing silver altar of Zin.
 33236 | Elf:1    | Found a ruined gateway.
 33273 | Elf:1    | Found a glowing golden altar of the Shining One.
 33280 | Desolati | Entered the Desolation of Salt
 33877 | Desolati | Found the +3 pair of gauntlets of War {Slay+5}
 33887 | Desolati | Identified Zuqef's Tome of Fetching Weightlessness
 33893 | Desolati | Learned a level 3 spell: Dazzling Flash
 34021 | Desolati | Learned a level 3 spell: Summon Guardian Golem
 34590 | Desolati | Identified the ring "Tolum" {rElec rCorr Int+4}
 34713 | Desolati | Identified Sif Muna's Tome of the Snowflakes
 35075 | Desolati | Identified the cursed +1 leather armour of the Dwarven Hall
                  | {rC+}
 35290 | Desolati | Reached XP level 17. HP: 79/121 MP: 27/27
 35664 | Desolati | Reached skill level 5 in Long Blades
 36303 | Desolati | Reached skill level 1 in Hexes
 37271 | Desolati | Got a flickering bronze ring
 37278 | Desolati | Got a smoking quarterstaff
 37316 | Elf:1    | Found a runed translucent gate.
 37316 | Elf:1    | Found a runed translucent gate.
 37316 | Elf:1    | Found a runed translucent gate.
 37409 | D:11     | Identified the ring of the Prince {rPois rF- rN+++ Slay+4}
                  | (You found it in the Desolation of Salt)
 37412 | D:11     | Identified the +2 quarterstaff "Nungiulo" {drain, Str+4}
                  | (You found it in the Desolation of Salt)
 37421 | D:11     | Learned a level 2 spell: Ensorcelled Hibernation
 37615 | Elf:1    | Noticed Lodydasy's ghost (adept DsFi)
 37707 | Elf:1    | Reached skill level 1 in Necromancy
 38055 | Elf:1    | Reached skill level 1 in Spellcasting
 38071 | Elf:1    | Learned a level 3 spell: Mephitic Cloud
 38453 | Elf:1    | Noticed Frances
 38507 | Elf:1    | Killed Frances
 38507 | Elf:1    | Reached skill level 1 in Conjurations
 38835 | Elf:3    | Entered Level 3 of the Elven Halls
 39210 | Elf:2    | Found a runed translucent door.
 39210 | Elf:2    | Noticed Gerad's ghost (veteran VSAK)
 39875 | Elf:2    | Found a huge runed translucent gate.
 39875 | Elf:2    | Found a huge runed translucent gate.
 39876 | Elf:2    | Found a huge runed translucent gate.
 39877 | Elf:2    | Found a huge runed translucent gate.
 39887 | Elf:2    | Found a huge runed translucent gate.
 40240 | Elf:3    | Reached XP level 18. HP: 128/128 MP: 28/28
 40668 | Elf:3    | Reached skill level 5 in Hexes
 40776 | Elf:3    | Found a runed translucent gate.
 40776 | Elf:3    | Found a runed translucent gate.
 40776 | Elf:3    | Found a runed translucent gate.
 40777 | Elf:3    | Noticed a tentacled monstrosity
 40780 | Elf:3    | Got a clouded pewter ring
 40780 | Elf:3    | Identified the ring of Acedu {*Tele rElec rC+ Str+4 Int-2}
                  | (You found it on level 3 of the Elven Halls)
 40785 | Elf:3    | Noticed a tentacled monstrosity
 40786 | Elf:3    | Noticed a tentacled monstrosity
 41413 | Elf:3    | Noticed a deep elf blademaster
 41421 | Elf:3    | Killed a deep elf blademaster
 41494 | Elf:3    | Noticed a deep elf blademaster
 41517 | Elf:2    | Killed a deep elf blademaster
 42453 | Elf:3    | Identified the +7 triple sword of Magnificence {vorpal, rC+
                  | rN+ MR+ MP+9}
 42563 | Elf:3    | Noticed a deep elf blademaster
 42584 | Elf:3    | Killed a deep elf blademaster
 42602 | Elf:3    | Noticed a deep elf master archer
 42603 | Elf:3    | Reached skill level 1 in Air Magic
 42610 | Elf:3    | Killed a deep elf master archer
 42918 | Elf:3    | Identified the +4 morningstar of Sorea {vorpal, rC+ MP+9
                  | Dex+2}
 42918 | Elf:3    | Identified the +16 crystal plate armour "Tarrepsi" {Int+3}
 42918 | Elf:3    | Noticed a deep elf master archer
 42930 | Elf:3    | Noticed a deep elf master archer
 42932 | Elf:3    | Identified the +7 dagger of Karma {holy, Fragile rF++
                  | Str+2}
 42938 | Elf:3    | Reached skill level 1 in Poison Magic
 43364 | Elf:3    | Killed a deep elf master archer
 43368 | Elf:3    | Killed a deep elf master archer
 43661 | Elf:3    | Learned a level 3 spell: Tukima's Dance
 44712 | D:10     | Identified the +8 mace of the Elven Halls {vorpal, rC++}
                  | (You found it in an ice cave)
 44793 | D:11     | Learned a level 4 spell: Petrify
 45040 | Elf:2    | Reached XP level 19. HP: 133/135 MP: 29/29
 45052 | Elf:2    | HP: 4/135 [+6 vorpal long sword (17)]
 45052 | Elf:2    | Slain by a +6 vorpal long sword

Illustrated notes

Levels and vault maps discovered:
D:1:      dpeg_arrival_simpleton_b, layout_loops_ring
D:2:      layout_basic, first_ration
D:3:      minmay_inner_zag, layout_basic, minmay_crystal_water
D:4:      layout_basic, nicolae_ru_awakened_eye, minmay_manual_mail,
          uniq_duvessa
D:5:      layout_cave_pods, uniq_eustachio
D:6:      layout_basic, minmay_temple_entry_junction_2, hangedman_decor_lopped
D:7:      layout_cave_pools
D:8:      layout_loops_ring, overflow_temple_1_default,
          lemuel_coloured_pillars_altar, nicolae_ossuary_entry_false_entrances,
          hangedman_ranch [blue_anna_fruit_fields], tso_altar
D:9:      layout_big_octagon, gammafunk_temple_overflow_pools,
          gammafunk_temple_of_torment, uniq_gastronok
D:10:     layout_loops_ring, grunt_lair_entry_orc_guard_hut, item_on_display_a
D:11:     layout_basic, erik_orc_3, portal_ice_cave_demonic_guard, uniq_erica
D:12:     layout_stronghold, kb_lookout_dungeons_type
D:13:     minmay_clustersquares, layout_irregular_city
D:14:     layout_loops_ring, grunt_vaults_entry_tiered, minmay_misc_feat_plants,
          gauntlet_entry_generic
D:15:     hangedman_depths_entry_civil_slaughter, layout_basic,
          minmay_crystal_room, special_room [special_room_orc], trog_wizard
Temple:   eino_wide_crystal_templ
Lair:1:   layout_gridlike, special_room [special_room_bee],
          lemuel_another_geyser, uniq_grum
Lair:2:   cheibrodos_lair_river_kwai, layout_misc_corridors, lemuel_fruit_tree
Lair:3:   layout_cave_pods, minmay_snake_entry_guardpost_small, basic_altar,
          serial_bayou_shore_b
Lair:4:   layout_gridlike, minmay_shoals_entry_centaurs, uniq_snorg, uniq_urug
Lair:5:   layout_regular_city, slime_altar_2, patterned_corridor,
          serial_bayou_shore_a, serial_bayou_shore_b, uniq_rupert, uniq_sonja
Lair:6:   gammafunk_lair_ancient_temple, layout_regular_city, wad_woods_03
Orc:1:    layout_diamond_mine, ebering_ghost_disaster_area, elf_legates,
          uniq_fannar, uniq_josephine
Orc:2:    st_orc_elflike, layout_diamond_mine, statue_in_the_mist_lemuel,
          minmay_orc_keep
Elf:1:    layout_loops_corners, portal_desolation_entry_holy_temple,
          gammafunk_ghost_tricky_traps, hangedman_elf_represent,
          nicolae_elf_glass_and_crystal_pillar_1, uniq_frances
Elf:2:    layout_loops_cross, ebering_ghost_inner_flame
Elf:3:    minmay_elf_hall_furrowed, layout_geoelf_castle,
          ploomutoo_gammafunk_ghost_potion_laboratory

Skill      XL: |  1  2  3  4  5  6  7  8  9 10 11 12 13 14 15 16 17 18 |
---------------+-------------------------------------------------------+-----
Dodging        | 2 3 4 5 6 7 8 9 10 11 12 13 | 13.2
Fighting       | 3 4 5 6 7 8 9 10 11 12 13 | 13.5
Long Blades    | 2 3 4 5 6 |  6.9
Short Blades   | 3 |  3.7
Throwing       | 3 5 6 8 9 10 11 12 | 12.7
Polearms       | 3 5 7 9 10 11 12 13 14 | 14.5
Evocations     | 4 6 8 10 11 12 13 14 | 14.4
Shields        | 2 4 5 6 8 9 10 11 12 | 12.4
Stealth        | 6 7 8 9 |  9.8
Hexes          | 4 6 |  6.2
Necromancy     | 1 2 |  2.5
Spellcasting   | 1 3 |  3.6
Conjurations   | 2 4 |  4.2
Air Magic      | 1 |  1.6
Poison Magic   | 1 |  1.4
Summonings     | |  0.7
Transmutations | |  0.2
Earth Magic    | |  0.8

Action                   |  1- 3 |  4- 6 |  7- 9 | 10-12 | 13-15 | 16-18 | 19-21 || total
-------------------------+-------+-------+-------+-------+-------+-------+-------++-------
Melee: Dagger            |    47 |    12 |     9 |       |       |   155 |     1 ||   224
       Constrict         |     8 |    31 |    25 |    36 |    69 |   217 |     1 ||   387
       Tentacles         |     5 |    20 |    20 |    37 |   144 |   314 |       ||   540
       Scimitar          |       |    95 |     5 |       |       |       |       ||   100
       Glaive            |       |       |   170 |   334 |   783 |   196 |       ||  1483
       Falchion          |       |       |       |       |       |   483 |     6 ||   489
Throw: Stone             |    19 |       |       |     8 |       |       |       ||    27
       Dart              |     1 |     7 |    12 |    28 |    88 |    62 |       ||   198
       Boomerang         |       |    15 |   100 |   202 |   417 |   106 |       ||   840
       Throwing net      |       |     2 |       |       |       |     2 |       ||     4
       Javelin           |       |       |       |       |    58 |    81 |       ||   139
 Cast: Animate Skeleton  |       |       |       |       |       |    54 |       ||    54
       Call Imp          |       |       |       |       |       |    10 |       ||    10
       Mephitic Cloud    |       |       |       |       |       |    39 |       ||    39
       Dazzling Flash    |       |       |       |       |       |     1 |       ||     1
       Summon Guardian G |       |       |       |       |       |     2 |       ||     2
Invok: Lunge             |       |       |     2 |     4 |     3 |    56 |     1 ||    66
       Whirlwind         |       |       |       |     2 |    42 |   110 |     2 ||   156
       Serpent's Lash    |       |       |       |       |       |    10 |       ||    10
       Heavenly Storm    |       |       |       |       |       |       |     1 ||     1
 Abil: Evoke Berserk Rag |       |       |       |     4 |     7 |       |       ||    11
       Wall Jump         |       |       |       |     1 |     1 |     1 |       ||     3
Evoke: Wand              |       |       |     3 |    27 |    91 |   107 |       ||   228
       Lightning rod     |       |       |       |       |    18 |    27 |       ||    45
       Phial of floods   |       |       |       |       |     2 |     8 |       ||    10
       Box of beasts     |       |       |       |       |       |     4 |       ||     4
  Use: Scroll            |       |       |    19 |    14 |    15 |    21 |       ||    69
       Potion            |       |       |     1 |     3 |     8 |    20 |       ||    32
 Stab: Sleeping          |    14 |     9 |    21 |    17 |    36 |    45 |     1 ||   143
       Held in net/web   |       |     1 |       |       |       |     2 |       ||     3
       Paralysed         |       |       |     9 |     6 |    18 |       |       ||    33
       Distracted        |       |       |       |       |     9 |     7 |       ||    16
       Confused          |       |       |       |       |       |    15 |       ||    15
  Eat: Chunk             |       |     8 |    11 |    22 |    38 |    30 |       ||   109
       Ration            |       |       |       |     1 |     5 |     7 |       ||    13
Armor: Skin              |     5 |     2 |    21 |    30 |    48 |    17 |     1 ||   124
Dodge: Dodged            |    28 |   110 |   134 |   392 |   645 |   579 |     2 ||  1890
Block: Buckler           |       |       |       |       |       |   257 |     4 ||   261
       Rpst.: Scimitar   |       |    15 |       |       |       |       |       ||    15
       Falchion          |       |       |       |       |       |    62 |       ||    62
